 Dungeon Crawl Stone Soup version 0.27-a0-1188-g73eefd5def (webtiles) character file.

Game seed: 13658542697817171940

212 leviel the Slasher (level 5, -19/47 HPs)
             Began as a Hill Orc Monk on May 21, 2021.
             Demolished by an ogre
             ... wielding a +0 giant spiked club
              (26 damage)
             ... on level 4 of the Dungeon.
             The game lasted 00:05:22 (4478 turns).

leviel the Slasher (Hill Orc Monk)                  Turns: 4478, Time: 00:05:24

Health: -19/47     AC:  9    Str: 15    XL:     5   Next: 90%
Magic:  5/5        EV:  6    Int: 10    God:
Gold:   171        SH: 11    Dex: 13    Spells: 4/4 levels left

rFire    . . .     SeeInvis .   a - +0 falchion
rCold    + . .     Faith    .   b - +0 tower shield
rNeg     . . .     Spirit   .   k - +3 ring mail {rC+}
rPois    .         Reflect  .   (no helmet)
rElec    .         Harm     .   c - +0 cloak
rCorr    .         Rampage  .   (no gloves)
Will     .....                  (no boots)
Stlth    +.........             (no amulet)
HPRegen  0.15/turn              (no ring)
MPRegen  0.09/turn              (no ring)

@: no status effects
A: no striking features
a: no special abilities


You were on level 4 of the Dungeon.
You visited 2 branches of the dungeon, and saw 5 of its levels.

You collected 254 gold pieces.
You spent 83 gold pieces at shops.

Inventory:

Hand Weapons
 a - a +0 falchion (weapon)
Missiles
 g - a throwing net (quivered)
Armour
 b - a +0 tower shield (worn)
 c - a +0 cloak (worn)
 k - a +3 ring mail of cold resistance (worn)
Jewellery
 n - a ring of magical power
Scrolls
 e - a scroll of blinking
 f - a scroll of teleportation {unknown}
 j - a scroll of amnesia {unknown}
 l - 2 scrolls of enchant armour {unknown}
 m - a scroll of fear {unknown}
Potions
 d - a potion of curing
 h - 3 potions of resistance
 i - 2 potions of brilliance
 o - a potion of cancellation {unknown}


   Skills:
 + Level 4.7 Fighting
 + Level 4.9 Long Blades
 + Level 2.2 Armour
 + Level 3.0 Dodging
 + Level 2.1 Stealth
 + Level 0.6 Shields


You had 4 spell levels left.
You didn't know any spells.
Your spell library was empty.

Dungeon Overview and Level Annotations

Branches:
Dungeon (4/15)             Temple (1/1) D:4

Altars:
Ashenzari
Cheibriados
Dithmenos
Elyvilon
Fedhas
Gozag
Hepliaklqana
Kikubaaqudgha
Makhleb
Okawaru
Qazlal
Ru
Sif Muna
Trog
Uskayaw
Vehumet
Xom
Yredelemnul
Zin
The Shining One

Shops:
D:1 *   D:2 ?   D:3 (   D:4 :


Message History

You are too injured to fight recklessly!
You are too injured to fight recklessly!
You are too injured to fight recklessly!
You are too injured to fight recklessly!
You are too injured to fight recklessly!
Unknown command.
You hit the hornet zombie.
The hornet zombie is moderately damaged.
The hornet zombie hits you but does no damage.
The hornet zombie barely misses you.
You riposte.
You hit the hornet zombie.
The hornet zombie is heavily damaged.
You hit the hornet zombie but do no damage.
The hornet zombie is heavily damaged.
The hornet zombie hits you!
* * * LOW HITPOINT WARNING * * *
The hornet zombie completely misses you.
Unknown command.
You hit the hornet zombie.
The hornet zombie is heavily damaged.
The hornet zombie completely misses you.
You riposte.
You hit the hornet zombie.
The hornet zombie is heavily damaged.
The hornet zombie hits you but does no damage.
You feel better. The hornet zombie hits you.
* * * LOW HITPOINT WARNING * * *
You block the ogre's attack.
You hit the ogre.
The ogre is lightly wounded.
The hornet zombie hits you.
* * * LOW HITPOINT WARNING * * *
You block the hornet zombie's attack. The ogre closely misses you.
You riposte.
You hit the ogre.
The ogre is moderately wounded.
Your shield prevents you from hitting the ogre.
The ogre is moderately wounded.
The hornet zombie hits you.
* * * LOW HITPOINT WARNING * * *
The ogre hits you with a +0 giant spiked club!!
Ouch! That really hurt!
You die...

#.... .......##..####
##..#.
...........##..####...##
#..........#..........##
#........../..........#
##...........#........#
##............#.........
#......Z....b...........
.......@O...........###.
#................##.###.
#.....................##
...........).....##.....
....##∩...........##.##.
.... ##..........######.
..# #.............#.##.
.. ..............#......
#..###......###......


You could see an ogre and a hornet zombie.

Vanquished Creatures
  2 hounds (D:4)
  A centaur skeleton (D:4)
  5 adders
  2 dart slugs
  2 orcs
  9 ball pythons
  6 endoplasms
  4 goblins
  5 hobgoblins
  17 jackals
  3 quokkas
  A bat (D:2)
  3 frilled lizards
  7 kobolds
  2 rats
69 creatures vanquished.

Notes
Turn   | Place    | Note
-------+----------+-------------------------------------------
     0 | D:1      | leviel the Hill Orc Monk began the quest for the Orb.
     0 | D:1      | Reached XP level 1. HP: 19/19 MP: 1/1
   433 | D:1      | Reached XP level 2. HP: 27/27 MP: 2/2
  1025 | D:1      | Found Duis's Assorted Antiques.
  1031 | D:1      | Bought a lumpy yellow potion for 20 gold pieces
  1031 | D:1      | Bought an orange potion for 20 gold pieces
  1031 | D:1      | Bought a sapphire potion for 20 gold pieces
  1080 | D:1      | Reached XP level 3. HP: 33/33 MP: 3/3
  1365 | D:2      | Found Qaad's Magic Scroll Shoppe.
  1594 | D:2      | Reached XP level 4. HP: 39/40 MP: 4/4
  1787 | D:1      | Bought a scroll labelled ILOETU LEITH for 23 gold pieces
  2472 | D:2      | Found a faded altar of an unknown god.
  2679 | D:3      | Found Keutoim's Weapon Shoppe.
  3266 | D:4      | Found a staircase to the Ecumenical Temple.
  3318 | D:4      | Reached skill level 1 in Armour
  3318 | D:4      | Reached XP level 5. HP: 44/47 MP: 5/5
  3387 | D:4      | Noticed an ogre
  3407 | Temple   | Entered the Ecumenical Temple
  4422 | D:4      | Found Biaps's Book Emporium.
  4478 | D:4      | Demolished by an ogre

Illustrated notes

Levels and vault maps discovered:
D:1:      lightli_arrival_windingriver, layout_basic, serial_shops, shop
D:2:      layout_loops_ring, serial_shops, nicolae_shop_waterfront,
          serial_aquarium, aquarium_bridge_square [aquarium_subvault_wall,
          aquarium_subvault_bridge, aquarium_subvault_balcony,
          aquarium_subvault_window], aquarium_bridge_square
          [aquarium_subvault_window, aquarium_subvault_bridge,
          aquarium_subvault_bridge, aquarium_subvault_wall], aquarium_window_2,
          aquarium_window_corridor_3, aquarium_view_2b, aquarium_pool_1,
          shapermc_ecumenical_altar_mp_vishouse
D:3:      layout_basic, serial_shops, shop_coins
D:4:      layout_cave_pools, minmay_temple_entry_butterflies, serial_shops,
          shop, chequers_decorated_corner
Temple:   regret_index_temple_chain_breaker

Skill      XL: |  1  2  3  4  5 |
---------------+----------------+-----
Fighting       | 4 |  4.7
Stealth        | 2 |  2.1
Long Blades    | 4 |  4.9
Armour         | 1 2 |  2.2
Dodging        | 3 |  3.0
Shields        | |  0.6

Action                   |  1- 3 |  4- 6 || total
-------------------------+-------+-------++-------
Melee: Falchion          |    94 |   155 ||   249
  Use: Potion            |     3 |     1 ||     4
       Scroll            |       |     6 ||     6
 Stab: Sleeping          |     4 |       ||     4
Armor: Robe              |    10 |       ||    10
       Ring mail         |    29 |   111 ||   140
Dodge: Dodged            |    66 |   112 ||   178
Block: Tower shield      |       |    73 ||    73
       Rpst.: Falchion   |    27 |    30 ||    57

Table legend: (Time is in decaauts)
 A = Elapsed time spent in this place.
 B = Non-inter-level travel time spent in this place.
 C = Inter-level travel time spent in this place.
 D = Time resting spent in this place.
 E = Time spent auto-exploring this place.
 F = Levels seen in this place.
 G = Mean time per level.
                   A        B        C        D        E       F      G
               +--------+--------+--------+--------+--------+-----+--------+
         Total |   4531 |   4276 |    255 |    839 |   2823 |   5 |  906.2 |
       Dungeon |   4205 |   3965 |    240 |    702 |   2656 |   4 | 1051.2 |
        Temple |    325 |    310 |     15 |    137 |    167 |   1 |  325.0 |
               +--------+--------+--------+--------+--------+-----+--------+

Top non-repeatable levels by time:
     D:2: 1318 daAuts
     D:1: 1190 daAuts
     D:3: 1079 daAuts
     D:4: 617 daAuts
  Temple: 325 daAuts
